Map: Поля смерти CE

Players

malakarno

  • Race: Zerg Zerg
  • League: Master

Albatard

  • Race: Protoss Protoss
  • League: Master

Nitrate - Winner!

  • Race: Protoss Protoss
  • League: Gold

Вагнер - Winner!

  • Race: Terran Terran

VOD

Have the link to the VOD?

Description

Time

  • Played on: Feb. 25, 2026, 3:32 p.m.
  • Length: 12:18
Show
View Real Time Build Order
Export as new Build Order

malakarno Zerg 

Build Orders: Pool First 

Get SALT Encoding   

  12  0:01  Drone  
  13  0:10  Drone  
  14  0:21  Overlord  
  14  0:27  Extractor  
  13  0:29  Drone  
  14  0:42  Drone  
  15  0:48  Spawning Pool  
  14  0:50  Drone  
  14  0:57  Drone  
  16  1:03  Drone  
  17  1:06  Drone  
  18  1:17  Drone  
  18  1:35  Drone  
  19  1:47  Hatchery  
  18  1:57  Drone  
  18  2:00  Zergling x2  
  20  2:11  Zergling x4  
  20  2:15  Metabolic Boost  
  22  2:19  Hatchery  
  21  2:23  Zergling x2  
  22  2:35  Overlord  
  22  2:39  Extractor  
  21  2:45  Lair  
  21  2:47  Drone  
  22  2:57  Drone  
  23  2:59  Drone  
  23  3:04  Drone  
  25  3:10  Drone  
  26  3:18  Drone  
  27  3:24  Queen  
  27  3:26  Drone x2  
  31  3:33  Drone  
  32  3:34  Baneling Nest  
  32  3:38  Zergling x4  
  32  3:43  Zergling x2  
  32  3:46  Zergling x2  
  34  3:49  Drone  
  34  3:52  Drone  
  36  3:58  Drone x2  
  38  4:03  Overlord  
  38  4:10  Spine Crawler  
  38  4:16  Spine Crawler  
  36  4:18  Spore Crawler  
  36  4:20  Overseer  
  36  4:24  Spore Crawler  
  34  4:30  Spine Crawler  
  33  4:33  Zergling x2  
  33  4:35  Drone  
  36  4:38  Drone  
  36  4:44  Drone x2  
  38  4:56  Drone  
  38  4:57  Spire  
  38  4:59  Drone  
  39  5:01  Drone  
  41  5:10  Hydralisk Den  
  41  5:11  Drone x4  
  44  5:15  Drone x2  
  46  5:21  Drone  
  46  5:22  Evolution Chamber  
  46  5:25  Drone  
  47  5:28  Drone  
  47  5:34  Drone, Extractor  
  47  5:35  Overlord  
  48  5:42  Pneumatized Carapace, Drone  
  49  5:48  Extractor, Drone  
  49  5:49  Overlord  
  49  5:53  Zerg Missile Weapons Level 1  
  49  5:56  Hydralisk  
  51  5:59  Overlord  
  51  6:02  Drone x2  
  53  6:04  Drone  
  53  6:06  Drone  
  53  6:07  Drone  
  53  6:09  Drone  
  57  6:11  Drone  
  57  6:12  Drone  
  57  6:14  Drone  
  60  6:20  Drone  
  60  6:21  Drone x2  
  60  6:23  Evolution Chamber  
  60  6:24  Overlord  
  63  6:25  Drone  
  63  6:28  Muscular Augments  
  63  6:30  Drone  
  64  6:33  Spore Crawler  
  64  6:34  Drone  
  64  6:37  Drone  
  64  6:38  Drone  
  64  6:39  Extractor  
  65  6:41  Extractor  
  65  6:46  Drone x3  
  67  6:53  Drone x3  
  67  6:54  Drone  
  71  6:57  Infestation Pit  
  71  6:58  Overseer  
  71  6:59  Drone  
  71  7:03  Drone  
  72  7:13  Zergling x2, Hydralisk  
  75  7:17  Hydralisk x3  
  75  7:22  Zergling x2  
  80  7:23  Zergling x2  
  75  7:33  Zergling x2  
  75  7:39  Zergling x2  
  75  7:40  Zergling x4  
  64  7:51  Zergling x2  
  64  7:52  Zergling x2  
  63  8:08  Zergling x4  
  65  8:13  Zergling x2  
  65  8:14  Zergling x2  
  66  8:23  Zergling x4  
  57  8:34  Hydralisk x2  
  60  8:41  Spine Crawler  
  60  8:42  Spine Crawler  
  60  8:45  Spine Crawler  
  57  9:04  Overlord  
  57  9:05  Zergling x2  
  57  9:06  Zergling x8  
  62  9:16  Drone  
  63  9:23  Grooved Spines  
  63  9:25  Zerg Ground Armor Level 1  
  63  9:26  Drone  
  63  9:27  Drone  
  63  9:30  Hydralisk  
  67  9:35  Hatchery  
  66  9:39  Hydralisk, Zergling x2  
  69  10:05  Hydralisk x4  
  71  10:19  Zergling x2  
  64  10:24  Zergling x6  
  61  10:30  Zergling x2  
  58  10:37  Zergling x2  
  59  10:43  Overlord x2  
  59  10:57  Baneling x2  
  59  10:58  Baneling x4  
  59  11:02  Hydralisk x2  
  63  11:06  Drone x2  
  65  11:18  Hydralisk x2  
  65  11:20  Baneling x3  
  65  11:21  Baneling x3  
  65  11:25  Hatchery  
  61  11:40  Drone  
  61  11:41  Drone  
  61  11:44  Hydralisk x2  
  67  11:53  Spine Crawler  
  66  11:57  Spine Crawler  
  66  11:59  Spore Crawler  
  66  12:00  Zergling x2, Spore Crawler  
  66  12:01  Zergling x6  
Show
View Real Time Build Order
Export as new Build Order

Albatard Protoss 

Build Orders:  

Get SALT Encoding   

  12  0:00  Probe  
  13  0:12  Probe  
  14  0:18  Pylon  
  14  0:32  Probe  
  15  0:40  Probe  
  15  0:44  Gateway  
  15  0:47  Assimilator  
  16  0:50  Probe  
  17  1:02  Probe  
  18  1:14  Assimilator  
  18  1:16  Probe  
  19  1:28  Probe  
  19  1:32  Cybernetics Core  
  20  1:48  Nexus  
  20  1:59  Probe  
  21  2:11  Probe  
  21  2:15  Stargate  
  22  2:22  Pylon  
  22  2:23  Probe  
  23  2:43  Probe  
  24  2:48  Protoss Air Weapons Level 1  
  24  2:55  Probe  
  25  2:58  Forge, Void Ray  
  29  3:14  Probe  
  29  3:19  Assimilator  
  30  3:26  Probe  
  31  3:27  Stargate  
  31  3:38  Void Ray, Probe  
  36  3:59  Probe  
  36  4:08  Probe, Assimilator  
  42  4:17  Probe  
  42  4:19  Void Ray  
  42  4:21  Photon Cannon  
  43  4:29  Probe  
  43  4:31  Pylon  
  44  4:42  Probe  
  45  4:46  Pylon  
  45  4:51  Probe  
  45  4:55  Photon Cannon, Probe  
  45  4:59  Probe  
  47  5:05  Protoss Air Armor Level 1  
  48  5:08  Probe  
  53  5:15  Void Ray  
  57  5:24  Void Ray  
  57  5:31  Stargate  
  57  5:32  Probe  
  57  5:41  Probe  
  59  5:50  Probe  
  59  5:52  Fleet Beacon  
  59  5:54  Probe  
  59  5:55  Robotics Facility  
  61  6:04  Pylon  
  61  6:14  Pylon  
  61  6:20  Void Ray  
  61  6:21  Void Ray  
  69  6:28  Void Ray  
  73  6:38  Flux Vanes  
  73  7:09  Nexus  
  73  7:12  Assimilator  
  73  7:16  Assimilator  
  73  7:21  Pylon  
  51  8:34  Probe  
  50  8:42  Probe  
  50  8:46  Probe  
  50  8:47  Tempest x2  
  52  8:49  Tempest  
  52  8:54  Probe  
  65  8:58  Stargate, Probe  
  65  8:59  Stargate  
  65  9:00  Stargate  
  66  9:06  Probe  
  67  9:10  Probe  
  67  9:12  Stargate  
  68  9:18  Probe  
  68  9:22  Tempest, Probe  
  70  9:24  Tempest  
  70  9:31  Probe  
  75  9:32  Tempest  
  75  9:38  Tempest x2  
  91  10:00  Tempest  
  91  10:02  Protoss Air Weapons Level 2  
  71  11:08  Void Ray  
  71  11:09  Void Ray x5  
  71  11:24  Void Ray  
Show
View Real Time Build Order
Export as new Build Order

Nitrate Protoss - Winner!

Build Orders: 1 Gate Expand 

Get SALT Encoding   

  12  0:00  Probe  
  13  0:12  Probe  
  14  0:20  Pylon  
  14  0:24  Probe  
  15  0:37  Probe  
  16  0:42  Gateway  
  16  0:45  Probe  
  17  0:53  Probe  
  18  1:05  Probe  
  19  1:12  Assimilator  
  19  1:23  Probe  
  20  1:42  Nexus  
  20  1:45  Cybernetics Core  
  20  1:48  Probe  
  20  1:49  Assimilator  
  21  2:01  Probe  
  21  2:08  Warp Gate  
  22  2:14  Pylon  
  22  2:22  Probe  
  22  2:29  Stalker  
  24  2:50  Probe  
  25  2:56  Stalker  
  25  3:03  Gateway  
  25  3:04  Probe  
  28  3:12  Probe  
  29  3:16  Probe  
  30  3:25  Gateway  
  30  3:27  Stalker  
  32  3:41  Probe  
  31  3:52  Probe  
  31  3:54  Stalker  
  31  4:00  Twilight Council  
  34  4:05  Pylon  
  34  4:09  Probe x2  
  36  4:17  Probe  
  36  4:20  Probe  
  37  4:27  Charge  
  38  4:33  Forge  
  38  4:36  Pylon  
  38  4:39  Stalker x3  
  38  4:42  Probe x2  
  46  4:50  Pylon  
  46  4:56  Gateway  
  46  4:59  Probe x2  
  48  5:04  Protoss Ground Weapons Level 1  
  48  5:13  Probe x2, Gateway  
  50  5:15  Robotics Facility  
  50  5:17  Stalker x2  
  50  5:19  Zealot  
  56  5:27  Probe x2  
  58  5:30  Assimilator  
  58  5:35  Assimilator  
  58  5:39  Probe x2  
  60  5:49  Zealot x3  
  66  5:51  Probe  
  67  5:57  Blink  
  67  5:59  Probe  
  67  6:03  Probe  
  69  6:12  Pylon  
  69  6:18  Pylon  
  69  6:20  Pylon  
  69  6:30  Warp Prism  
  71  6:38  Zealot x3  
  71  6:39  Zealot  
  79  6:44  Nexus  
  79  6:53  Probe  
  79  6:54  Probe  
  81  7:06  Probe x2  
  83  7:18  Probe  
  84  7:33  Protoss Ground Weapons Level 2  
  84  7:37  Zealot x3  
  90  7:47  Stalker x2  
  72  8:01  Stalker x3  
  78  8:11  Gateway x2, Probe  
  78  8:12  Probe  
  58  8:52  Pylon  
  58  8:53  Stalker x5  
  68  9:11  Assimilator  
  68  9:12  Pylon  
  68  9:13  Assimilator  
  68  9:14  Pylon  
  68  9:17  Stalker  
  68  9:18  Stalker x4  
  68  9:19  Stalker x2  
  82  9:33  Warp Prism  
  84  9:40  Templar Archives  
  84  9:45  Robotics Bay  
  84  9:55  Probe  
  84  9:58  Probe x2  
  87  10:10  Probe  
  82  10:19  Stalker  
  82  10:20  Stalker x5  
  82  10:21  Stalker  
  54  10:44  Stalker x5  
  54  10:45  Stalker x2  
  54  10:48  Probe x2  
  54  10:49  Probe  
  65  10:59  Probe  
  65  11:00  Probe  
  65  11:01  Probe  
  68  11:07  Probe  
  68  11:13  Probe x2  
  68  11:15  Probe  
  71  11:25  Probe x2  
  72  11:27  Observer  
  67  11:37  Probe  
  68  11:45  Robotics Facility  
  70  11:50  Probe x2  
Show
View Real Time Build Order
Export as new Build Order

Вагнер Terran - Winner!

Build Orders: Command Center First 

Get SALT Encoding   

  12  0:00  SCV  
  13  0:12  SCV  
  14  0:19  Supply Depot  
  14  0:26  SCV  
  15  1:04  Command Center  
  15  1:08  Barracks  
  15  1:12  Refinery  
  15  1:17  SCV  
  16  1:29  SCV  
  17  1:36  Supply Depot  
  17  1:43  SCV  
  17  1:46  Refinery  
  18  1:55  SCV  
  18  1:56  Marine  
  20  2:08  Engineering Bay  
  21  2:22  SCV  
  21  2:24  Barracks Tech Lab  
  21  2:37  Planetary Fortress  
  21  2:41  Missile Turret  
  21  2:49  SCV  
  21  2:51  Marine  
  23  2:56  Barracks  
  23  3:03  SCV  
  24  3:13  Marauder  
  24  3:15  SCV  
  27  3:20  SCV  
  28  3:32  SCV  
  28  3:34  Missile Turret  
  29  3:37  Marine  
  30  3:44  Barracks Reactor, SCV  
  30  3:47  Orbital Command  
  31  3:56  SCV  
  31  3:58  Marauder  
  34  4:08  SCV  
  35  4:11  Factory  
  35  4:17  Supply Depot  
  35  4:18  Terran Infantry Weapons Level 1  
  35  4:20  SCV  
  35  4:23  Marine  
  37  4:24  Marine  
  37  4:28  Marauder  
  40  4:33  SCV x2  
  42  4:45  SCV  
  43  4:46  Marine x2  
  43  4:48  SCV  
  46  4:55  Factory Tech Lab  
  46  4:57  SCV  
  46  4:59  Armory  
  47  5:02  Marauder  
  49  5:09  SCV  
  50  5:16  Refinery  
  50  5:17  Command Center  
  50  5:20  Refinery  
  51  5:21  SCV  
  51  5:31  Factory  
  51  5:33  SCV x2  
  51  5:35  Starport  
  53  5:38  Marine  
  54  5:44  Supply Depot  
  54  5:46  Supply Depot  
  54  5:49  Supply Depot  
  54  5:53  Supply Depot  
  54  5:54  Terran Vehicle Weapons Level 1  
  54  6:05  Marine x2, SCV  
  54  6:06  Marauder  
  54  6:09  Barracks  
  59  6:13  Starport Reactor  
  59  6:14  Siege Tank  
  59  6:16  Factory Tech Lab  
  59  6:17  SCV  
  63  6:23  Marine  
  64  6:27  Marauder, Marine  
  64  6:30  SCV  
  68  6:36  Terran Infantry Weapons Level 2  
  68  6:42  SCV  
  68  6:45  Planetary Fortress  
  68  6:46  Thor  
  75  6:48  Missile Turret  
  75  6:54  SCV  
  76  7:01  SCV  
  77  7:06  SCV  
  78  7:09  Refinery  
  78  7:10  Marine x2  
  78  7:11  Barracks Tech Lab  
  78  7:12  Marauder  
  78  7:13  SCV  
  83  7:19  Medivac x2  
  87  7:25  SCV  
  87  7:28  Marine  
  88  7:30  Marine x2  
  88  7:35  Marine, Refinery  
  91  7:37  SCV  
  81  7:45  Marine  
  81  7:48  Marine, Marauder  
  81  7:49  SCV  
  81  7:52  Marine  
  81  7:58  Viking x2  
  74  8:03  Marine  
  77  8:05  Marine  
  77  8:07  SCV  
  77  8:09  Marine  
  77  8:10  Marine  
  81  8:19  SCV  
  82  8:21  Marine  
  82  8:23  Marine  
  84  8:27  Missile Turret, Marine  
  84  8:28  Viking x2, Marine  
  84  8:29  Missile Turret x2  
  84  8:31  SCV  
  91  8:35  Thor  
  97  8:43  SCV  
  98  8:50  Missile Turret  
  98  8:53  Marine x3  
  101  8:57  Command Center  
  101  8:59  Missile Turret  
  101  9:00  Marine, Viking x2, SCV  
  101  9:02  Supply Depot  
  107  9:07  Supply Depot  
  107  9:11  Marine x3  
  110  9:18  Missile Turret, Marine  
  111  9:25  Supply Depot  
  111  9:27  Terran Vehicle Weapons Level 2  
  111  9:28  Marine  
  111  9:29  Marine x2, Terran Infantry Weapons Level 3  
  114  9:34  Concussive Shells  
  114  9:41  Missile Turret, Viking  
  114  9:42  Viking  
  114  9:43  Siege Tank  
  121  9:48  SCV  
  122  9:54  Siege Tank  
  125  10:00  SCV  
  125  10:01  Missile Turret  
  126  10:13  SCV  
  115  10:23  Marine x3  
  115  10:24  Thor  
  115  10:25  SCV  
  122  10:28  Viking  
  122  10:29  Viking  
  121  10:39  Marine  
  121  10:41  Marine x2  
  121  10:45  Marine  
  120  10:56  Marine  
  118  10:58  Viking, Marine  
  118  10:59  Viking, Marine  
  118  11:03  Marine  
  125  11:09  SCV  
  125  11:10  Thor  
  132  11:11  Thor  
  132  11:14  Marine  
  139  11:21  SCV, Marine x2  
  139  11:22  Missile Turret  
  139  11:24  Marauder  
  144  11:29  Viking  
  144  11:30  Viking  
  148  11:33  SCV  
  149  11:42  Missile Turret  
  149  11:45  SCV  
  154  11:47  Marauder x2  
  159  11:57  SCV  
  159  11:59  Marine x2  
  147  12:07  Missile Turret  
  129  12:18  Refinery  
Tags
 
Add a new tag
Caveats
  • Supply blocks, unpowered buildings, or Contaminate may cause inaccurate times.
  • Supply counts are checked every 10 seconds.